 Dungeon Crawl Stone Soup version 0.32-a0-616-g9348d4545b (webtiles) character file.

Game seed: 4443668672447709369

139 Dittersdorf the Shield-Bearer (level 5, 0/33 HPs)
             Began as a Gargoyle Fighter on Mar 5, 2024.
             Killed by nerve-wracking pain
             ... invoked by Grinder
              (7 damage)
             ... on level 3 of the Dungeon.
             The game lasted 00:01:57 (1843 turns).

Dittersdorf the Shield-Bearer (Gargoyle Fighter)    Turns: 1843, Time: 00:01:58

Health: 0/33       AC: 14    Str: 22    XL:     5   Next: 22%
Magic:  5/5        EV: 10    Int:  8    God:
Gold:   81         SH:  4    Dex:  9    Spells: 4/4 levels left

rFire   . . .        a - +0 flail
rCold   . . .        c - +0 buckler
rNeg    + . .        q - +2 ring mail {rPois}
rPois   ∞            n - +0 helmet
rElec   +            (no cloak)
rCorr   .            l - +0 pair of gloves
SInv    .            (no boots)
Will    .....        (no amulet) Stlth
                     (no ring)
HPRegen 0.25/turn    (no ring)
MPRegen 0.09/turn

%: no passive effects
@: no status effects
A: sickness immunity, AC +4, negative energy resistance 1, electricity
resistance, torment resistance 1, petrification resistance
a: no special abilities


You were on level 3 of the Dungeon.
You visited 1 branch of the dungeon, and saw 3 of its levels.

You collected 81 gold pieces.

Inventory:

Hand Weapons
 a - a +0 flail (weapon)
Missiles
 o - 2 curare-tipped darts (quivered)
Armour
 c - a +0 buckler (worn)
 h - a +0 plate armour
 l - a +0 pair of gloves (worn)
 n - a +0 helmet (worn)
 q - a +2 ring mail of poison resistance (worn)
Wands
 b - a wand of paralysis (7)
Scrolls
 f - 2 scrolls of enchant armour {unknown}
 g - 5 scrolls of identify {unknown}
 j - a scroll of revelation {unknown}
 k - a scroll of enchant weapon {unknown}
 p - a scroll of poison {unknown}
Potions
 d - a potion of might
 e - a potion of degeneration {unknown}
 i - 2 potions of enlightenment {unknown}
 m - 2 potions of ambrosia {unknown}


   Skills:
 + Level 4.2 Fighting
 + Level 3.1 Maces & Flails
 + Level 4.2 Armour
 + Level 4.2 Shields


You had 4 spell levels left.
You didn't know any spells.
Your spell library contained the following spells:

 Spells                   Type           Power      Damage    Failure   Level
 Alistair's Intoxication  Alch           0%         N/A       100%        5
 Borgnjor's Vile Clutch   Necr/Erth      0%         N/A       100%        5
 Eringya's Noxious Bog    Alch           0%         4d6       100%        6


Dungeon Overview and Level Annotations

Branches:
Dungeon (3/15)

Altars:

Shops:
D:1 ?

Annotations:
D:3 Grinder


Innate Abilities, Weirdness & Mutations

You are immune to sickness and miasma.
Your stone body is resilient. (AC +4)
You are immune to poison.
You resist negative energy. (rN+)
You are resistant to electric shocks. (rElec)
You are resistant to unholy torment.
You are immune to petrification.


Message History

Grinder is moderately wounded.
Grinder gestures at you.
You suddenly lose the ability to move!
Grinder hits you but does no damage.
You can move again.
You hit Grinder.
Grinder is moderately wounded.
Grinder hits you.
* * * LOW HITPOINT WARNING * * *
You barely miss Grinder.
Grinder is moderately wounded.
Grinder hits you but does no damage.
You hit Grinder.
Grinder is moderately wounded.
Grinder gestures at you. Pain shoots through your body!
* * * LOW HITPOINT WARNING * * *
Grinder hits you but does no damage.
You barely miss Grinder.
Grinder is moderately wounded.
Grinder closely misses you.
You thump Grinder!
Grinder is severely wounded.
Grinder barely misses you.
You barely miss Grinder.
Grinder is severely wounded.
Grinder gestures at you.
You barely resist. You block Grinder's attack.
You closely miss Grinder.
Grinder is severely wounded.
You block Grinder's attack.
You closely miss Grinder.
Grinder is severely wounded.
Grinder barely misses you.
You barely miss Grinder.
Grinder is severely wounded.
Grinder gestures at you. Pain shoots through your body!
You die...
Grinder sighs, "Dead already?
I want a refund."

###########.#
#.........#..
#.#######.#.# #.#
####.#.# #.# #....#.#
#.# #....#.#
#.#######.#.# ####
#@#.........# #...
#5#.#####.### #...
#J#.#<..#.#####...
#(#.#.............
####.##.#.#.#.##........
........................
####+##.#J#.#.#.........
...#.#.# #.#######.
.....#.# #. #.


You could see Grinder and an endoplasm.

Vanquished Creatures
  Terence (D:3)
  Ijyb (D:3)
  An orc wizard (D:3)
  An adder (D:2)
  3 ribbon worms
  3 orcs (D:3)
  7 ball pythons
  2 bats
  2 endoplasms (D:2)
  2 giant cockroaches
  3 hobgoblins
  4 jackals (D:2)
  A quokka (D:1)
  3 frilled lizards
  2 goblins
  4 kobolds
  4 rats
44 creatures vanquished.

Notes
Turn   | Place    | Note
-------+----------+-------------------------------------------
     0 | D:1      | Dittersdorf the Gargoyle Fighter began the quest for the
                  | Orb.
     0 | D:1      | Reached XP level 1. HP: 14/14 MP: 1/1
   242 | D:1      | Found a faded altar of an unknown god.
   260 | D:1      | Reached XP level 2. HP: 19/19 MP: 2/2
   409 | D:1      | Found Ishriufuh's Magic Scroll Emporium.
   994 | D:2      | Reached XP level 3. HP: 18/23 MP: 3/3
  1618 | D:3      | Noticed Ijyb
  1621 | D:3      | Paralysed by Ijyb for 2 turns
  1621 | D:3      | Noticed Terence
  1628 | D:3      | Killed Ijyb
  1629 | D:3      | Reached XP level 4. HP: 16/29 MP: 4/4
  1637 | D:3      | Killed Terence
  1674 | D:3      | Reached XP level 5. HP: 14/33 MP: 5/5
  1818 | D:3      | Noticed Grinder
  1832 | D:3      | Paralysed by Grinder for 3 turns
  1843 | D:3      | Killed from afar by Grinder

Illustrated notes

Levels and vault maps discovered:
D:1:      minmay_arrival_open_corners, layout_basic,
          shapermc_ecumenical_altar_acropolis, serial_shops,
          nicolae_shop_rolling_square
D:2:      layout_basic
D:3:      layout_basic, mainiacjoe_overflow_24_doors, uniq_ijyb, uniq_jessica,
          uniq_grinder, uniq_crazy_yiuf_cottage, uniq_terence

Skill      XL: |  1  2  3  4 |
---------------+-------------+-----
Armour         | 4 |  4.2
Shields        | 4 |  4.2
Fighting       | 4 |  4.2
Maces & Flails | 3 |  3.1

Action                     |  1- 3 |  4- 6 || total
---------------------------+-------+-------++-------
  Melee: Flail             |   140 |    47 ||   187
  Throw: Dart              |     1 |     1 ||     2
 Armour: Scale mail        |   115 |    18 ||   133
         Ring mail         |       |     8 ||     8
  Dodge: Dodged            |    84 |    16 ||   100
  Block: Buckler           |    36 |     8 ||    44

Table legend: (Time is in decaauts)
 A = Elapsed time spent in this place.
 B = Non-inter-level travel time spent in this place.
 C = Inter-level travel time spent in this place.
 D = Time resting spent in this place.
 E = Time spent auto-exploring this place.
 F = Levels seen in this place.
 G = Mean time per level.
                   A        B        C        D        E       F      G
               +--------+--------+--------+--------+--------+-----+--------+
         Total |   1899 |   1801 |     98 |    133 |   1184 |   3 |  633.0 |
       Dungeon |   1899 |   1801 |     98 |    133 |   1184 |   3 |  633.0 |
               +--------+--------+--------+--------+--------+-----+--------+

Top non-repeatable levels by time:
     D:1: 839 daAuts
     D:2: 788 daAuts
     D:3: 272 daAuts
